 Dungeon Crawl Stone Soup version 0.20-a0-537-g052e6ba (webtiles) character file.

90 HAL9000 the Slasher (level 4, 0/35 HPs)
             Began as a Barachian Berserker on Jan 27, 2017.
             Was a Believer of Trog.
             Slain by an orc
             ... wielding a +0 flail
              (1 damage)
             ... on level 3 of the Dungeon.
             The game lasted 00:05:30 (2659 turns).

HAL9000 the Slasher (Barachian Berserker)           Turns: 2659, Time: 00:05:31

Health: 0/35       AC:  5    Str: 12    XL:     4   Next: 56%
Magic:  4/4        EV: 16    Int:  5    God:    Trog [**....]
Gold:   135        SH:  0    Dex: 16    Spells: 3/3 levels left

rFire    x . .     SeeInvis .   a - +0 falchion
rCold    + . .     Gourm    .   k - +0 ring mail
rNeg     . . .     Faith    .   (no shield)
rPois    .         Spirit   .   (no helmet)
rElec    .         Reflect  .   (no cloak)
rCorr    .         Harm     .   (no gloves)
MR       .....                  (no boots)
Stlth    ++........             (no amulet)
Regen    0.2/turn               t - -3 ring of strength (curse)
                                d - ring of ice

@: agile, flying, starving, slow
A: swims, slowness 1, strong legs 1
a: Hop, Berserk, Trog's Hand, Burn Spellbooks, Renounce Religion


You were on level 3 of the Dungeon.
You worshipped Trog.
Trog was pleased with you.
You were starving.

You visited 1 branch of the dungeon, and saw 3 of its levels.

You collected 135 gold pieces.

Inventory:

Hand Weapons
 a - a +0 falchion (weapon)
Armour
 k - a +0 ring mail (worn)
Jewellery
 d - a ring of ice (left hand)
 t - a cursed -3 ring of strength (right hand)
Scrolls
 e - 2 scrolls of recharging {unknown}
 g - a scroll of teleportation {unknown}
 i - 4 scrolls of identify {unknown}
 m - 2 scrolls of enchant armour {unknown}
 r - 2 scrolls of remove curse {unknown}
Potions
 l - a potion of ambrosia {unknown}
 o - a potion of curing {unknown}
 q - a potion of might {unknown}
Comestibles
 c - 2 bread rations
 j - 2 royal jellies
 s - a meat ration


   Skills:
 - Level 3.2 Fighting
 + Level 5.7 Long Blades
 - Level 2.1 Armour
 - Level 2.0 Dodging


You had 3 spell levels left.
You didn't know any spells.

Dungeon Overview and Level Annotations

Branches:
Dungeon (3/15)

Altars:
Vehumet


Innate Abilities, Weirdness & Mutations

You can swim through water.
You cover ground slowly.
You can hop short distances.


Message History

The orc barely misses you.
It was a potion of flight.
You feel very buoyant.
You fly up into the air.
The orc barely misses you.
You barely miss the orc.
The orc is heavily wounded.
You hit the orc.
The orc is severely wounded.
The orc misses you.
It was a potion of agility.
You feel agile all of a sudden. The orc hits you but does no damage.
You barely miss the orc.
The orc is severely wounded.
The orc completely misses you.
You riposte.
You closely miss the orc.
The orc is severely wounded.
You hit the orc but do no damage.
The orc is severely wounded.
The orc hits you with a flail.
You die...

#.# # #.#
#.###)#
#.....####
####.....#
#.###.#
#.# #
########)#
.......o@#
##########


You could see an orc.

Vanquished Creatures
  2 adders (D:2)
  2 oozes
  A dart slug (D:2)
  A leopard gecko (D:1)
  2 orcs (D:3)
  A ball python (D:1)
  4 giant cockroaches
  3 goblins
  8 hobgoblins
  6 jackals
  8 kobolds
  A quokka (D:3)
  5 bats
  5 frilled lizards
  6 rats
55 creatures vanquished.

Notes
Turn   | Place    | Note
-------+----------+-------------------------------------------
     0 | D:1      | HAL9000 the Barachian Berserker began the quest for the Orb.
     0 | D:1      | Reached XP level 1. HP: 18/18 MP: 1/1
   472 | D:1      | Reached XP level 2. HP: 6/24 MP: 2/2
   752 | D:1      | Reached skill level 4 in Long Blades
  1342 | D:1      | Reached XP level 3. HP: 29/29 MP: 3/3
  1496 | D:2      | Reached ** piety under Trog
  1877 | D:2      | Reached skill level 5 in Long Blades
  1933 | D:2      | Reached XP level 4. HP: 30/35 MP: 4/4
  2124 | D:2      | Found a radiant altar of Vehumet.
  2652 | D:3      | HP: 1/35 [orc/flail (7)]
  2659 | D:3      | Slain by an orc

Vault maps used:
D:1:      dpeg_arrival_rhombus
D:2:      vehumet_crystals
D:3:      dancing_weapons_uskayaw, first_bread

Skill      XL: |  1  2  3 |
---------------+----------+-----
Long Blades    | 4 5 |  5.7
Fighting       | |  3.2
Armour         | |  2.1
Dodging        | |  2.0

Action                   |  1- 3 |  4- 6 || total
-------------------------+-------+-------++-------
Melee: Falchion          |   139 |    73 ||   212
Invok: Trog's Hand       |     2 |       ||     2
       Berserk           |     1 |       ||     1
  Use: Potion            |       |     2 ||     2
  Eat: Chunk             |     5 |     1 ||     6
Armor: Animal skin       |     7 |       ||     7
       Ring mail         |    46 |    19 ||    65
Dodge: Dodged            |   108 |    50 ||   158
       Rpst.: Falchion   |    33 |    18 ||    51
